AoeStats
← [Massa] Edo

Arena

504571569Analyzed
2v2 RM · 26d ago on Sep 5, 2026· 44m 51s· 4 players
Game mode
Random Map
Map size
Medium (4 player)
Population
200
Speed
Normal
Resources
Standard
Victory
Conquest
Starting age
Dark Age
Ending age
Imperial Age
RankedLock teamsTeams togetherTeam positionsShared explorationLock speedFull tech treeHidden civsTurbo modeCheats
Victory
Defeat
🇫🇷 Burgundians · France
1506
+13
🇨🇦 Armenians · Canada
1484
+14
🇧🇷 Burmese · Brazil
1482
-14
🇧🇷 Chinese · Brazil
1419
-13
WittedGnat
8:24 Feudal Age
8:53 Double-Bit Axe
9:05 Horse Collar
11:11 Wheelbarrow
15:12 Wheelbarrow
14:56 Gold Mining
17:40 Castle Age
17:47 Forging
17:58 Stone Mining
18:50 Bow Saw
19:44 Gold Shaft Mining
23:20 Squires
23:28 Scale Mail Armor
24:57 Heavy Plow
25:11 Loom
25:42 Hand Cart
25:41 Fletching
26:57 Town Watch
27:11 Bodkin Arrow
28:50 Bloodlines
28:41 Husbandry
29:16 Pikeman
30:12 Chain Mail Armor
30:40 Iron Casting
31:48 Halberdier
33:01 Ballistics
37:33 Imperial Age
35:07 Gambesons
34:42 Man-at-Arms
35:08 Arson
35:29 Padded Archer Armor
35:21 Elite Skirmisher
37:47 Coinage
38:36 Conscription
38:22 Fereters
38:53 Plate Mail Armor
38:08 Capped Ram
38:15 Capped Ram
40:03 Blast Furnace
39:04 Bracer
40:33 Chemistry
40:49 Leather Archer Armor
41:31 Banking
41:12 Guilds
40:31 Long Swordsman
41:32 Masonry
41:18 Crossbowman
42:48 Fereters
43:04 Conscription
43:23 Hoardings
42:17 Two-Handed Swordsman
42:54 Arbalester
44:18 Ring Archer Armor
43:24 Champion
44:14 Sappers
Sunrise1988
6:47 Double-Bit Axe
7:37 Horse Collar
10:58 Feudal Age
16:15 Castle Age
14:48 Bow Saw
15:14 Heavy Plow
17:21 Loom
20:08 Wheelbarrow
21:37 Fletching
22:04 Stone Mining
22:42 Bodkin Arrow
22:54 Elite Skirmisher
23:51 Padded Archer Armor
24:15 Town Watch
28:26 Scale Barding Armor
29:36 Hand Cart
32:34 Imperial Age
31:22 Hand Cart
32:10 Two-Man Saw
31:44 Chain Barding Armor
33:27 Ballistics
33:31 Bracer
34:01 Bracer
34:20 Husbandry
35:32 Chemistry
34:49 Cavalier
35:56 Leather Archer Armor
38:28 Plate Barding Armor
38:54 Masonry
41:44 Forging
42:33 Crop Rotation
42:20 Gold Mining
43:09 Stone Shaft Mining
43:21 Iron Casting
43:27 Elite Coustillier
45:37 Blast Furnace
[Massa] Edo
11:37 Feudal Age
11:42 Feudal Age
16:03 Castle Age
15:06 Horse Collar
15:18 Gold Mining
15:48 Padded Archer Armor
22:40 Ballistics
26:28 Husbandry
26:39 Bloodlines
28:40 Loom
34:01 Imperial Age
32:01 Murder Holes
33:51 Wheelbarrow
36:53 Chemistry
37:57 Siege Engineers
38:24 Conscription
40:14 Parthian Tactics
40:10 Hand Cart
40:18 Town Watch
41:34 Scale Barding Armor
41:39 Forging
42:01 Scale Barding Armor
42:07 Forging
42:00 Light Cavalry
42:53 Heavy Scorpion
tg
0:26 Loom
11:30 Feudal Age
16:25 Castle Age
14:48 Double-Bit Axe
14:44 Horse Collar
15:50 Fletching
16:08 Gold Mining
16:31 Padded Archer Armor
18:00 Bow Saw
19:31 Bodkin Arrow
19:38 Heavy Plow
20:09 Padded Archer Armor
22:56 Wheelbarrow
30:44 Imperial Age
29:35 Ballistics
30:25 Gold Shaft Mining
29:40 Stone Mining
30:06 Hand Cart
30:46 Leather Archer Armor
31:33 Bracer
32:47 Two-Man Saw
33:58 Chemistry
36:27 Ring Archer Armor
36:04 Scale Barding Armor
38:56 Masonry
38:19 Light Cavalry
38:59 Husbandry
39:10 Bloodlines
39:59 Stone Shaft Mining
39:01 Heavy Rocket Cart
41:44 Cavalier
42:45 Chain Barding Armor
44:05 Scale Mail Armor
44:19 Elite Fire Lancer
45:15 Chain Mail Armor
Connection lost

Rejoining the realm…

Still unreachable

The connection could not be restored.

Session expired

The server has moved on; the page needs a fresh start.